 Dungeon Crawl Stone Soup version 0.28-a0-595-g9f6c0e134a (webtiles) character file.

Game seed: 16769676422740118074

11 lawman0 the Caller (level 2, 0/19 HPs)
             Began as a Barachi Summoner on Oct 4, 2021.
             Slain by a kobold (5 damage)
             ... on level 1 of the Dungeon.
             The game lasted 00:00:48 (463 turns).

lawman0 the Caller (Barachi Summoner)                Turns: 463, Time: 00:00:49

Health: 0/19       AC:  2    Str:  9    XL:     2   Next: 25%
Magic:  2/5        EV: 12    Int: 15    God:
Gold:   4          SH:  0    Dex: 12    Spells: 4/5 levels left

rFire   . . .      SeeInvis .   c - +0 short sword
rCold   . . .      Faith    .   (no shield)
rNeg    . . .      Spirit   .   a - +0 robe
rPois   .          Reflect  .   (no helmet)
rElec   .          Harm     .   (no cloak)
rCorr   .          Rampage  .   (no gloves)
Will    .....                   (no boots)
Stlth   ++........              (no amulet)
HPRegen 0.06/turn               (no ring)
MPRegen 0.09/turn               (no ring)

@: slow
A: amphibious, slowness 1, strong legs 1, +LOS
a: Hop


You were on level 1 of the Dungeon.
You visited 1 branch of the dungeon, and saw 1 of its levels.

You collected 4 gold pieces.

Inventory:

Hand Weapons
 c - a +0 short sword (weapon)
 d - a +1 hunting sling of freezing
Armour
 a - a +0 robe (worn)
Scrolls
 b - a scroll of amnesia {unknown}


   Skills:
 + Level 2.2 Dodging
 + Level 1.8 Stealth
 + Level 2.2 Spellcasting
 * Level 5.4 Summonings


You had 4 spell levels left.
You knew the following spells:

 Your Spells              Type           Power      Damage    Failure   Level
a - Summon Small Mammal   Summ           68%        N/A       2%          1

Your spell library contained the following spells:

 Spells                   Type           Power      Damage    Failure   Level
 Call Imp                 Summ           17%        N/A       3%          2
 Call Canine Familiar     Summ           17%        N/A       7%          3
 Summon Guardian Golem    Hex/Summ       9%         N/A       22%         3
 Summon Lightning Spire   Summ/Air       9%         N/A       56%         4


Dungeon Overview and Level Annotations

Branches:
Dungeon (1/15)

Altars:


Innate Abilities, Weirdness & Mutations

You are amphibious.
You cover ground slowly.
You can hop short distances.
You have an extended range of vision and can be seen from far away.


Message History

You hit the hobgoblin.
The hobgoblin is heavily wounded.
The hobgoblin closely misses you.
Your rat bites the hobgoblin.
The hobgoblin dies!
The kobold throws a stone.
The stone hits you but does no damage.
The kobold throws a stone.
The stone hits your rat but does no damage.
The kobold barely misses your rat.
The kobold hits your rat with a +0 short sword.
Your rat bites the kobold but does no damage.
The kobold hits your rat with a +0 short sword.
Your rat dies!
Your rat's corpse disappears in a puff of smoke!
Casting: Summon Small Mammal (safe; 2% risk of failure)
Confirm with . or Enter, or press ? or * to list all spells.
The kobold hits your bat with a +0 short sword.
Your bat closely misses the kobold.
The kobold throws a stone.
The stone misses your bat. The stone hits you but does no damage.
Your bat barely misses the kobold.
Your bat closely misses the kobold.
Casting: Summon Small Mammal (safe; 2% risk of failure)
Confirm with . or Enter, or press ? or * to list all spells.
Your bat barely misses the kobold.
Your bat closely misses the kobold.
The kobold hits your bat with a +0 short sword.
Your bat dies!
Your bat's corpse disappears in a puff of smoke!
You swap places.
Your quokka closely misses the kobold.
The kobold throws a stone.
The stone closely misses you.
Your quokka bites the kobold but does no damage.
The kobold hits you with a +0 short sword.
Your quokka barely misses the kobold.
You hit the kobold but do no damage.
The kobold is severely wounded.
Your quokka barely misses the kobold.
The kobold hits you with a +0 short sword.
* * * LOW HITPOINT WARNING * * *
A hobgoblin comes into view.
Your quokka closely misses the kobold.
The kobold hits you with a +0 short sword.
You die...

###.#.# #.# ....#.# #.#
#.....###.# #...... ...
#...[.###.###
#.....##....#
#.....##.)..#
#.....##....# ###
#..@†.##....# #P####
##..K###†...##### .....##
#..r.g...†....... #####.##
#....##....######
....##.## #..†.###.###
###..##.# ######.# #.#
...##.#.# #....#.# #.#
##.P#.#.## #.##.#.###.###
#P.##.#.P####.##.........#


You could see a hobgoblin, a kobold (ally target) and a friendly quokka
(summoned).

Vanquished Creatures
  A bat (D:1)
  A ball python (D:1)
2 creatures vanquished.

Vanquished Creatures (collateral kills)
  An endoplasm (D:1)
  2 goblins (D:1)
  A hobgoblin (D:1)
  A kobold (D:1)
  2 bats (D:1)
  2 rats (D:1)
9 creatures vanquished.

Vanquished Creatures (others)
  7 toadstools (D:1)
7 creatures vanquished.

Grand Total: 18 creatures vanquished

Notes
Turn   | Place    | Note
-------+----------+-------------------------------------------
     0 | D:1      | lawman0 the Barachi Summoner began the quest for the Orb.
     0 | D:1      | Reached XP level 1. HP: 13/13 MP: 3/3
    96 | D:1      | Reached skill level 5 in Summonings
   352 | D:1      | Reached XP level 2. HP: 15/19 MP: 1/5
   463 | D:1      | Slain by a kobold

Illustrated notes

Levels and vault maps discovered:
D:1:      nagdon_arrival_double_spiral, layout_basic,
          shapermc_ecumenical_altar_hornbeckon, minmay_misc_feat_chi

Skill      XL: |  1 |
---------------+----+-----
Summonings     | 5 |  5.4
Dodging        | |  2.2
Stealth        | |  1.8
Spellcasting   | |  2.2

Action                   || total
-------------------------++-------
Melee: Short sword       ||     9
       Unarmed           ||     3
 Cast: Summon Small Mamm ||    12
Armor: Robe              ||     6
Dodge: Dodged            ||    17

Table legend: (Time is in decaauts)
 A = Elapsed time spent in this place.
 B = Non-inter-level travel time spent in this place.
 C = Inter-level travel time spent in this place.
 D = Time resting spent in this place.
 E = Time spent auto-exploring this place.
 F = Levels seen in this place.
 G = Mean time per level.
                   A        B        C        D        E       F      G
               +--------+--------+--------+--------+--------+-----+--------+
         Total |    500 |    500 |      0 |     18 |    381 |   1 |  500.0 |
       Dungeon |    500 |    500 |      0 |     18 |    381 |   1 |  500.0 |
               +--------+--------+--------+--------+--------+-----+--------+

Top non-repeatable levels by time:
     D:1: 500 daAuts
